 Dungeon Crawl Stone Soup version 0.32-a0-841-g4648e6c457 (webtiles) character file.

Game seed: 3380078634102759073

600 Griffin23 the Slasher (level 7, -6/139 HPs)
             Began as a Minotaur Fighter on Mar 26, 2024.
             Mangled by a gnoll bouda
             ... wielding a +0 whip
              (10 damage)
             ... on level 7 of the Dungeon.
             The game lasted 00:05:47 (3038 turns).

Griffin23 the Slasher (Minotaur Fighter)            Turns: 3038, Time: 00:05:48

Health: -6/139     AC: 23    Str: 22    XL:     7   Next: 18%
Magic:  6/6        EV:  2    Int:  5    God:
Gold:   145        SH:  4    Dex: 10    Spells: 6/6 levels left

rFire   . . .        a - +0 long sword
rCold   . . .        c - +0 buckler
rNeg    . . .        A - melded +0 chain mail
rPois   +            (helmet currently unavailable)
rElec   .            (cloak currently unavailable)
rCorr   .            y - melded +1 pair of gloves
SInv    .            r - melded +1 pair of boots
Will    .....        (no amulet) Stlth
                     (no ring)
HPRegen 0.43/turn    (no ring)
MPRegen 0.10/turn

%: no passive effects
@: berserking, tree-form, weakened, very quick
A: stationary, stasis, torment immunity, boosted hp, (horns 2), (retaliatory
headbutt)
a: no special abilities


You were on level 7 of the Dungeon.
You were a tree.
You visited 1 branch of the dungeon, and saw 8 of its levels.

You collected 145 gold pieces.

Inventory:

Hand Weapons
 a - a +0 long sword (weapon)
Armour
 b - a +0 scale mail
 c - a +0 buckler (worn)
 j - a +0 pair of boots
 r - a +1 pair of boots (melded)
 y - a +1 pair of gloves (melded)
 A - a +0 chain mail (melded)
Wands
 n - a wand of warping (5)
 q - a wand of polymorph (9)
 w - a wand of digging (8)
Scrolls
 g - 2 scrolls of teleportation {unknown}
 i - 3 scrolls of identify {unknown}
 k - a scroll of noise {unknown}
 m - a scroll of revelation {unknown}
 t - a scroll of enchant weapon {unknown}
 u - a scroll of enchant armour {unknown}
 v - a scroll of vulnerability {unknown}
 x - 2 scrolls of immolation {unknown}
Potions
 e - a potion of brilliance {unknown}
 p - a potion of lignification
 s - 3 potions of haste


   Skills:
 + Level 5.7 Fighting
 * Level 5.7 Long Blades
 + Level 5.7 Armour
 + Level 5.6 Shields


You had 6 spell levels left.
You didn't know any spells.
Your spell library contained the following spells:

 Spells                   Type           Power      Damage    Failure   Level
 Tukima's Dance           Hex            0%         N/A       88%         3
 Passage of Golubria      Tloc           0%         N/A       99%         4
 Yara's Violent Unravell  Hex/Alch       0%         3d3       100%        5


Dungeon Overview and Level Annotations

Branches:
Dungeon (8/15)
 Temple: D:4-7         Lair: D:8-11

Altars:
Kikubaaqudgha

Shops:
D:1 *

Annotations:
D:4 3 runed translucent doors
D:8 Jeremiah


Innate Abilities, Weirdness & Mutations

You are a tree.
Your roots penetrate the ground, keeping you stationary.
You cannot be teleported.
You are immune to unholy pain and torment.
Your maximum health is greatly increased.
Your equipment is partially melded.
((You have a pair of horns on your head.))
((You reflexively headbutt those who attack you in melee.))


Message History

You hit the gnoll.
The gnoll is almost dead.
You feel sick.
The killer bee stings you but does no damage.
The gnoll bouda calls upon its god to heal the gnoll.
The gnoll is healed somewhat.
The gnoll hits you but does no damage. You block the killer bee's attack.
The gnoll bouda utters an invocation to its god.
The gnoll bouda is healed somewhat.
The gnoll hits you with a +0 club.
* * * LOW HITPOINT WARNING * * *
The killer bee stings you but does no damage.
You barely miss the gnoll.
The gnoll is moderately wounded.
You feel sick.
The killer bee stings you but does no damage. x2
The gnoll hits you with a +0 club.
* * * LOW HITPOINT WARNING * * *
The gnoll bouda calls upon its god to heal the gnoll.
The gnoll's wounds heal themselves!
You barely miss the gnoll.
You feel sick. The killer bee stings you.
* * * LOW HITPOINT WARNING * * *
The killer bee stings you but does no damage.
The gnoll hits you with a +0 club.
* * * LOW HITPOINT WARNING * * *
You block the gnoll bouda's attack.
Unknown command.
Sorry, you're not good enough to have a special ability.
It was a potion of berserk rage.
A red film seems to cover your vision as you go berserk!
You feel yourself moving faster!
You feel mighty!
You feel sick.
The killer bee stings you but does no damage. x2
You block the gnoll bouda's attack. The gnoll completely misses you.
You slash the gnoll!
The gnoll is severely wounded.
You feel sick.
You are no longer poisoned.
The killer bee stings you but does no damage. x2
You block the gnoll's attack.
The gnoll bouda hits you with a +0 whip!
You die...

## .# .#########
.........#
########.####
#...<## #######
####..####....... #
##...†y†### #
#########g♣...#
.###
#...$.....g###.....
...##..############
#...
#.#..#####..?.....
#. ##....#....<###
..............#
...#####......#
...### #[.....#
.....###......#.


You could see a gnoll bouda, a killer bee and a gnoll (swift).

Vanquished Creatures
  An orc warrior (D:4)
  A centaur (D:7)
  3 killer bees (D:7)
  2 bombardier beetles
  A hound (D:4)
  An orc priest (D:4)
  Jessica (D:2)
  An iguana (D:3)
  A gnoll (D:7)
  3 adders
  2 ribbon worms (D:2)
  6 dart slugs
  3 orcs
  5 ball pythons
  5 endoplasms
  2 giant cockroaches
  8 hobgoblins
  3 jackals (D:4)
  2 quokkas (D:2)
  A bat (D:2)
  5 frilled lizards
  5 goblins
  4 kobolds
  6 rats
72 creatures vanquished.

Notes
Turn   | Place    | Note
-------+----------+-------------------------------------------
     0 | D:1      | Griffin23 the Minotaur Fighter began the quest for the Orb.
     0 | D:1      | Reached XP level 1. HP: 19/19 MP: 0/0
   172 | D:1      | Reached XP level 2. HP: 16/27 MP: 1/1
   377 | D:1      | Found Loutae's Assorted Antiques.
  1031 | D:2      | Noticed Jessica
  1072 | D:2      | Killed Jessica
  1073 | D:2      | Reached XP level 3. HP: 19/33 MP: 2/2
  1348 | D:2      | Reached XP level 4. HP: 38/41 MP: 3/3
  2087 | D:3      | Reached XP level 5. HP: 45/47 MP: 4/4
  2152 | D:4      | Found an ancient bone altar of Kikubaaqudgha.
  2267 | D:4      | Reached skill level 5 in Fighting
  2307 | D:4      | Reached skill level 5 in Armour
  2319 | D:4      | Found a runed translucent gate.
  2319 | D:4      | Found a runed translucent gate.
  2319 | D:4      | Found a runed translucent gate.
  2340 | D:4      | Reached skill level 5 in Shields
  2436 | D:4      | Noticed an orc warrior
  2447 | D:4      | Killed an orc warrior
  2448 | D:4      | Reached XP level 6. HP: 13/56 MP: 5/5
  2613 | D:5      | Entered Level 5 of the Dungeon
  2809 | D:7      | Reached skill level 5 in Long Blades
  2828 | D:8      | Noticed Jeremiah
  2845 | D:7      | Reached XP level 7. HP: 17/61 MP: 6/6
  3022 | D:8      | Noticed a wyvern
  3036 | D:7      | HP: 3/93 [gnoll/+0 club[a gnoll bouda] (4)]
  3038 | D:7      | Mangled by a gnoll bouda

Illustrated notes

Levels and vault maps discovered:
D:1:      nzn_arrival_crosshair, layout_basic, serial_shops, shop,
          minmay_split_cup_small
D:2:      minmay_recursive_quarters, layout_loops_ring, minmay_puff,
          uniq_jessica
D:3:      layout_basic, overflow_temple_1_default
D:4:      layout_basic, mainiacjoe_overflow_catch_the_wave, gammafunk_ghost_icy
D:5:      corexii_shack_village, layout_loops_ring, kennysheep_mini,
          kennysheep_mini_moat
D:6:      layout_basic, mainiacjoe_overflow_six_doors_small,
          minmay_temple_entry_stoned_glass
D:7:      kennysheep_six_static_rooms, layout_rooms, enter_bailey_4,
          serial_shops, nicolae_shop_peninsula
D:8:      layout_loops_ring, minmay_ruined_shrine, uniq_jeremiah

Skill      XL: |  1  2  3  4  5  6 |
---------------+-------------------+-----
Fighting       | 4 5 |  5.7
Armour         | 4 5 |  5.7
Long Blades    | 3 4 5 |  5.7
Shields        | 4 5 |  5.6

Action                     |  1- 3 |  4- 6 |  7- 9 || total
---------------------------+-------+-------+-------++-------
  Melee: Long sword        |    60 |   128 |    29 ||   217
         Headbutt          |     9 |    21 |     1 ||    31
    Use: Potion            |       |     4 |     6 ||    10
 Armour: Scale mail        |    50 |    75 |       ||   125
         Chain mail        |       |    41 |    24 ||    65
         Skin              |       |    23 |    67 ||    90
  Dodge: Dodged            |    19 |    63 |    15 ||    97
  Block: Buckler           |    16 |    41 |    20 ||    77

Table legend: (Time is in decaauts)
 A = Elapsed time spent in this place.
 B = Non-inter-level travel time spent in this place.
 C = Inter-level travel time spent in this place.
 D = Time resting spent in this place.
 E = Time spent auto-exploring this place.
 F = Levels seen in this place.
 G = Mean time per level.
                   A        B        C        D        E       F      G
               +--------+--------+--------+--------+--------+-----+--------+
         Total |   3070 |   2950 |    120 |    407 |   1749 |   8 |  383.8 |
       Dungeon |   3070 |   2950 |    120 |    407 |   1749 |   8 |  383.8 |
               +--------+--------+--------+--------+--------+-----+--------+

Top non-repeatable levels by time:
     D:1: 1069 daAuts
     D:2: 1007 daAuts
     D:4: 484 daAuts
     D:7: 310 daAuts
     D:3: 94 daAuts
     D:6: 70 daAuts
     D:5: 29 daAuts
     D:8: 4 daAuts
